 Dungeon Crawl Stone Soup version 0.19.1 (webtiles) character file.

2933 galech the Grappler (level 9, -3/75 HPs)
             Began as a Troll Monk on Dec 10, 2016.
             Slain by a killer bee (4 damage)
             ... on level 6 of the Dungeon.
             The game lasted 00:25:47 (5213 turns).

galech the Grappler (Troll Monk)                    Turns: 5213, Time: 00:25:48

Health: -3/75      AC:  9    Str: 22    XL:     9   Next: 50%
Magic:  0/8        EV: 13    Int:  4    God:
Gold:   338        SH:  0    Dex: 14    Spells: 0 memorised, 8 levels left

rFire  . . .     SeeInvis .       - Unarmed
rCold  . . .     Gourm    +     E - +2 robe {MR+}
rNeg   . . .     Faith    .     (no shield)
rPois  +         Spirit   +     (helmet restricted)
rElec  +         Reflect  .     g - +1 cloak
rCorr  .         Harm     .     (gloves unavailable)
MR     ++++.     Clarity  +     (boots unavailable)
Stlth  +.........               F - amulet of Onifriwut {Spirit rElec MR+++ Int-2 Dex-2}
                                J - ring of loudness
                                v - +4 ring of dexterity

@: lethally poisoned (-3 -> -5)
A: unfitting armour, claws 3, clarity, fast metabolism 3, frail 1, gourmand,
poison resistance, regeneration 1, screaming 1, shaggy fur 1, tough skin 2, weak
1, evolution 1
a: no special abilities


You were on level 6 of the Dungeon.
You were completely stuffed.

You visited 1 branch of the dungeon, and saw 7 of its levels.
You also visited: Ossuary.

You collected 338 gold pieces.

Inventory:

Missiles
 x - 65 stones (quivered)
Armour
 a - a +0 robe
 g - a +1 cloak (worn)
 h - a +1 robe of positive energy
 E - a +2 robe of magic resistance (worn)
Magical Staves
 K - an uncursed staff of wizardry {unknown}
Jewellery
 v - a +4 ring of dexterity (left claw)
 y - an uncursed ring of flight
 F - the amulet of Onifriwut (around neck) {Spirit rElec MR+++ Int-2 Dex-2}
   (You found it on level 6 of the Dungeon)

   [amulet of guardian spirit]

   It causes incoming damage to be split between your health and magic.
   It affects your intelligence (-2).
   It affects your dexterity (-2).
   It insulates you from electricity.
   It affects your resistance to hostile enchantments.
 J - a ring of loudness (right claw)
Wands
 B - a wand of random effects (25/48)
 D - a wand of slowing (37/48)
Scrolls
 c - 3 scrolls of amnesia
 d - a scroll of noise
 m - 2 scrolls of remove curse
 p - 3 scrolls of teleportation
 r - 3 scrolls of recharging
 t - 3 scrolls of magic mapping
 u - a scroll of immolation
 C - a scroll of blinking
 G - a scroll of enchant armour
Potions
 e - 3 potions of curing {unknown}
 f - a potion of cancellation {unknown}
 i - 2 potions of magic {unknown}
 k - a potion of agility {unknown}
 l - 2 potions of beneficial mutation {unknown}
 n - a potion of lignification {unknown}
 s - a potion of brilliance {unknown}
 z - a potion of degeneration {unknown}
 A - a potion of mutation {unknown}
 H - 2 potions of cure mutation
 I - a potion of resistance {unknown}
 L - a potion of heal wounds {unknown}
Books
 M - a book of Callings

   Spells                             Type                      Level
   a - Summon Small Mammal            Summoning                    1
   b - Call Imp                       Summoning                    2
   c - Call Canine Familiar           Summoning                    3
   d - Summon Guardian Golem          Hexes/Summoning              3
   e - Summon Lightning Spire         Summoning/Air                4
   f - Summon Ice Beast               Ice/Summoning                4
Comestibles
 b - 5 bread rations
 j - 3 fruits
 o - a beef jerky
 q - 3 meat rations
 w - 2 slices of pizza


   Skills:
 + Level 4.2 Fighting
 + Level 5.7 Dodging
 + Level 2.9 Stealth
 + Level 10.4 Unarmed Combat


You had 8 spell levels left.
You didn't know any spells.

Dungeon Overview and Level Annotations

Branches:
Dungeon (7/15)
 Temple: D:4-7

Altars:

Shops:
D:4 ?   D:6 [


Innate Abilities, Weirdness & Mutations

You are too large for most types of armour.
You have claws for hands.
Your metabolism is lightning-fast.
You like to eat raw meat.
Your natural rate of healing is unusually fast.
You are covered in fur. (AC +1)
You have very tough skin. (AC +2)
You possess an exceptional clarity of mind.
You are frail. (-10% HP)
Your system is resistant to poisons. (rPois)
You occasionally shout uncontrollably at your foes.
You are weak. (Str -2)
You evolve.


Message History

The killer bee poisons you!
You feel sick.
You feel sick.
You feel sick. The killer bee stings you.
* * * LOW HITPOINT WARNING * * *
The killer bee barely misses you.
You feel sick.
The killer bee stings you but does no damage.
The killer bee barely misses you.
You feel sick. The killer bee stings you!
* * * LOW HITPOINT WARNING * * *
The killer bee misses you. The killer bee barely misses you. x2
There is a stone staircase leading down here.
* * * LOW HITPOINT WARNING * * *
You feel sick. The killer bee stings you.
* * * LOW HITPOINT WARNING * * *
The killer bee closely misses you. The killer bee misses you.
The killer bee stings you.
You die...

.............###.............####
..∩..........##.............###..
............##...#############...
............#...## #....
...............## ##.<..
..............## ##.....
.............## ##......
............##############.......
..............Hy@...........[..).
..............[y.................
.................................
........################.........
........# #......... ..<...###
#......... ....######♣♣ #####
#......... ...####...P♣♣ ♣♣#..)#
#......... ....##....P.♣♣♣♣.'.).#
#.........


You could see a hippogriff and 2 killer bees.

Vanquished Creatures
  The ghost of Cadaver the Carver, an amateur HEGl of Uskayaw (D:5)
  The ghost of azzavlup the Twirler, an amateur GrGl (D:4)
  A water moccasin (D:5)
  Duvessa (D:6)
  A sky beast (D:5)
  2 phantoms
  An ice beast (D:6)
  2 ogres
  Blork the orc (D:6)
  An elf zombie (Ossuary)
  A bullfrog (D:6)
  Dowan (D:6)
  A water moccasin skeleton (D:6)
  A scorpion (D:5)
  A killer bee (D:6)
  4 wights (D:6)
  A crimson imp (D:6)
  A centaur zombie (Ossuary)
  A human zombie (Ossuary)
  2 bullfrog skeletons
  A centaur skeleton (D:6)
  5 orc priests
  Crazy Yiuf (D:6)
  6 hounds
  A jelly (D:5)
  5 orc wizards
  2 iguanas (D:5)
  6 worker ants
  2 big kobold zombies (Ossuary)
  2 hound zombies
  3 hound skeletons
  4 mummies
  4 gnolls
  9 adders
  An ooze (D:1)
  An adder skeleton (D:6)
  3 adder zombies
  A worm (D:2)
  6 dart slugs
  A leopard gecko (D:3)
  11 orcs
  A ball python (D:3)
  3 giant cockroaches
  4 gnoll zombies (Ossuary)
  6 goblins
  4 hobgoblins
  7 jackals
  5 quokkas
  10 bats
  2 frilled lizards
  4 goblin zombies (Ossuary)
  2 hobgoblin zombies (Ossuary)
  3 jackal zombies (Ossuary)
  5 kobolds
  4 kobold zombies (Ossuary)
  A quokka skeleton (D:5)
  6 quokka zombies (Ossuary)
  6 rats
  4 rat zombies (Ossuary)
178 creatures vanquished.

Notes
Turn   | Place    | Note
-------+----------+-------------------------------------------
     0 | D:1      | galech the Troll Monk began the quest for the Orb.
     0 | D:1      | Reached XP level 1. HP: 22/22 MP: 0/0
   369 | D:1      | Reached XP level 2. HP: 29/29 MP: 1/1
   784 | D:2      | Reached XP level 3. HP: 34/36 MP: 2/2
  1383 | D:3      | Noticed a phantom
  1388 | D:3      | Reached XP level 4. HP: 45/45 MP: 3/3
  1415 | D:3      | Killed a phantom
  1415 | D:3      | Reached skill level 4 in Unarmed Combat
  1415 | D:3      | Reached XP level 5. HP: 37/53 MP: 4/4
  1735 | D:2      | Reached skill level 5 in Unarmed Combat
  1735 | D:2      | Reached XP level 6. HP: 27/61 MP: 5/5
  2538 | D:4      | Noticed azzavlup's ghost (amateur GrGl)
  2559 | D:4      | Killed azzavlup's ghost
  2559 | D:4      | Reached XP level 7. HP: 32/67 MP: 6/6
  2561 | D:4      | Reached skill level 6 in Unarmed Combat
  2670 | D:4      | Found Jasuriun's Magic Scroll Boutique.
  2930 | D:5      | Entered Level 5 of the Dungeon
  2939 | D:5      | Noticed Cadaver's ghost (amateur HEGl)
  2964 | D:5      | Killed Cadaver's ghost
  2964 | D:5      | Reached skill level 7 in Unarmed Combat
  2964 | D:5      | Reached XP level 8. HP: 26/75 MP: 7/7
  3238 | D:5      | Reached skill level 8 in Unarmed Combat
  3284 | D:5      | Gained mutation: You are frail. (-10% HP) [mutagenic meat]
  3285 | D:5      | Gained mutation: You possess an exceptional clarity of mind. [mutagenic meat]
  3286 | D:5      | Gained mutation: You evolve. [mutagenic meat]
  3287 | D:5      | Gained mutation: You occasionally shout uncontrollably at your foes. [mutagenic meat]
  3288 | D:5      | Gained mutation: Your system is resistant to poisons. (rPois) [mutagenic meat]
  3478 | D:6      | Found Arphaegit's Armour Shop.
  3541 | D:6      | Reached skill level 5 in Dodging
  3809 | D:6      | Reached skill level 9 in Unarmed Combat
  3813 | D:6      | Noticed Duvessa
  3814 | D:6      | Noticed Dowan
  3850 | D:5      | Reached XP level 9. HP: 20/75 MP: 8/8
  3947 | D:6      | Killed Duvessa
  3960 | D:6      | Killed Dowan
  4015 | D:6      | Got a slimy crystal amulet
  4052 | D:6      | Found a sand-covered staircase.
  4060 | Ossuary  | Entered an ossuary
  4078 | Ossuary  | Identified the amulet of Onifriwut {Spirit rElec MR+++ Int-2 Dex-2} (You found it on level 6 of the Dungeon)
  4393 | Ossuary  | Gained mutation: You are weak. (Str -2) [evolution]
  4518 | D:6      | Found a runed door.
  4522 | D:6      | Noticed Crazy Yiuf
  4526 | D:6      | Killed Crazy Yiuf
  4744 | D:6      | Noticed Blork the orc
  4757 | D:6      | Killed Blork the orc
  4818 | D:6      | Reached skill level 10 in Unarmed Combat
  5211 | D:6      | HP: 2/75 [killer bee (6)]
  5213 | D:6      | Slain by a killer bee

Skill      XL: |  1  2  3  4  5  6  7  8  9 |
---------------+----------------------------+-----
Fighting       | 3 4 |  4.2
Dodging        | 3 4 5 |  5.7
Unarmed Combat | 4 5 7 9 10 | 10.4
Stealth        | 2 |  2.9

Action                   |  1- 3 |  4- 6 |  7- 9 || total
-------------------------+-------+-------+-------++-------
Melee: Unarmed           |   112 |   103 |   370 ||   585
       Punch             |     2 |     2 |    23 ||    27
Throw: Stone             |       |     4 |       ||     4
  Use: Scroll            |       |       |    11 ||    11
 Stab: Distracted        |     1 |       |       ||     1
       Sleeping          |     1 |     4 |     2 ||     7
  Eat: Chunk             |    18 |    10 |    25 ||    53
       Bread ration      |       |       |     1 ||     1
       Fruit             |       |       |     1 ||     1
Armor: Robe              |    66 |    30 |   144 ||   240
Dodge: Dodged            |    85 |    67 |   272 ||   424
